[Event "57th Biel Festival ATO 2024"]
[Site "Biel"]
[Date "2024.07.23"]
[Round "7.24"]
[White "Primbetova, Raikhan"]
[Black "Galopin, Clement"]
[Result "0-1"]
[ECO "E35"]
[WhiteElo "1534"]
[BlackElo "1816"]
[Annotator "NA RC"]
[PlyCount "125"]
[EventDate "2024.07.03"]
[EventType "swiss"]
[EventCountry "SUI"]
[SourceTitle "playchess.com"]
[Source "ChessBase"]
[SourceQuality "1"]
[TimeControl "40/5400+30:1800+30"]

1. c4 Nf6 2. Nc3 e6 3. d4 Bb4 4. Qc2 d5 5. cxd5 exd5 6. Bg5 h6 7. Bh4 O-O 8. e3 g5 9. Bg3 Ne4 10. Bd3 Bxc3+ 11. bxc3 Nxg3 12. hxg3 Kg7 13. Nf3 Be6 14. Kf1 c5 15. Qd2 Nc6 16. Kg1 Rc8 17. Rc1 Qa5 18. Kh2 g4 19. Ne5 Nxe5 20. dxe5 Qc7 21. Qb2 c4 22. Bb1 a6 23. a4 Rb8 24. Qc2 Rh8 25. e4 Qxe5 26. Rhe1 Qh5+ 27. Kg1 Qg6 28. Qd2 dxe4 29. Bxe4 Qf6 30. a5 Rhd8 31. Qe2 Qg5 32. Ra1 Rd2 33. Qe3 Qxe3 34. Rxe3 Rb2 35. Ree1 Rd8 36. Reb1 Rdd2 37. Bxb7 Rxf2 38. Rxb2 Rxb2 39. Be4 Kf6 40. Kf1 Ke5 41. Bc6 Kd6 42. Be8 Kc5 43. Re1 Ra2 44. Re5+ Kd6 45. Rh5 Ra3 46. Rxh6 Ke7 47. Bc6 Rxa5 48. Rh8 Ra3 49. Ra8 Kd6 50. Bb7 a5 51. Ra6+ Ke5 52. Kf2 Bd7 53. Ke2 a4 54. Kd2 Ra2+ 55. Kc1 Re2 56. Ra5+ Kd6 57. Ba6 Re3 58. Kd2 Rd3+ 59. Kc2 Rxg3 60. Bb7 Re3 61. Rd5+ Kc7 62. Ba8 a3 63. Rc5+ 0-1

[Event "57th Biel Festival ATO 2024"]
[Site "Biel"]
[Date "2024.07.23"]
[Round "7.27"]
[White "Kim, Donghan"]
[Black "Van Bogaert, Olivier"]
[Result "1-0"]
[ECO "B13"]
[WhiteElo "1746"]
[BlackElo "1815"]
[Annotator "NA RC"]
[PlyCount "107"]
[EventDate "2024.07.03"]
[EventType "swiss"]
[EventCountry "SUI"]
[SourceTitle "playchess.com"]
[Source "ChessBase"]
[SourceQuality "1"]
[TimeControl "40/5400+30:1800+30"]

1. e4 c6 2. d4 d5 3. exd5 cxd5 4. Bd3 Nc6 5. c3 Nf6 6. Bf4 Bg4 7. Nf3 e6 8. Nbd2 Bd6 9. Bxd6 Qxd6 10. h3 Bxf3 11. Nxf3 O-O 12. Qe2 Qf4 13. g3 Qc7 14. O-O Rac8 15. Rfe1 Rfd8 16. Qe3 Na5 17. Ne5 Nc4 18. Bxc4 dxc4 19. f4 Nd5 20. Qe4 Nf6 21. Qe3 Nd5 22. Qe4 Nf6 23. Qf3 Nd7 24. h4 Nxe5 25. Rxe5 Qc6 26. Qg4 Rd5 27. h5 Rxe5 28. h6 g6 29. fxe5 Rf8 30. Qf4 f5 31. exf6 Qd7 32. Rf1 Kf7 33. Qe5 Rd8 34. Rf4 Qd6 35. Qe3 Qb6 36. Qe2 Rd5 37. Qxc4 Qd6 38. Qe2 Rg5 39. Kf2 Rh5 40. Kg2 Rg5 41. Qf3 Qb6 42. b4 Rh5 43. a3 Rxh6 44. d5 e5 45. Rc4 g5 46. Qf5 Qd6 47. Qe4 Kxf6 48. Rc8 Kg7 49. Rc5 Rf6 50. Qe3 Kg6 51. c4 h5 52. Rc8 Rf5 53. Re8 Qf6 54. Re6 1-0

[Event "57th Biel Festival ATO 2024"]
[Site "Biel"]
[Date "2024.07.23"]
[Round "7.28"]
[White "Luedi, Paul"]
[Black "Bangerter, Daria"]
[Result "0-1"]
[ECO "D20"]
[WhiteElo "1715"]
[BlackElo "1931"]
[Annotator "RC"]
[PlyCount "54"]
[EventDate "2024.07.03"]
[EventType "swiss"]
[EventCountry "SUI"]
[SourceTitle "playchess.com"]
[Source "ChessBase"]
[SourceQuality "1"]
[TimeControl "40/5400+30:1800+30"]

1. d4 d5 2. c4 dxc4 3. e3 e5 4. Bxc4 exd4 5. Qb3 Qe7 6. Ne2 dxe3 7. Bxe3 Qb4+ 8. Nbc3 Qxb3 9. Bxb3 Nf6 10. O-O-O c6 11. h3 Be7 12. Bg5 O-O 13. Rhe1 Nbd7 14. Ng3 Bb4 15. Nge4 Nxe4 16. Rxe4 a5 17. Rde1 Nc5 18. Bxf7+ Rxf7 19. Re8+ Rf8 20. Rxf8+ Kxf8 21. Kd2 Ne6 22. Be3 Bd7 23. Kc2 Bxc3 24. Kxc3 c5 25. Kc4 b6 26. Rd1 Rd8 27. Rd6 Bb5+ 0-1

[Event "57th Biel Festival ATO 2024"]
[Site "Biel"]
[Date "2024.07.23"]
[Round "7.29"]
[White "Bachmann Daniel"]
[Black "Buntschu, Kurt"]
[Result "1-0"]
[ECO "B22"]
[WhiteElo "1713"]
[BlackElo "1868"]
[Annotator "NA RC"]
[PlyCount "129"]
[EventDate "2024.07.03"]
[EventType "swiss"]
[EventCountry "SUI"]
[SourceTitle "playchess.com"]
[Source "ChessBase"]
[SourceQuality "1"]
[TimeControl "40/5400+30:1800+30"]

1. e4 c5 2. c3 d5 3. exd5 Qxd5 4. d4 Nf6 5. Nf3 Bg4 6. dxc5 Qxd1+ 7. Kxd1 e6 8. b4 g6 9. Nbd2 Bg7 10. Bb2 O-O 11. Kc2 Bxf3 12. gxf3 Nc6 13. Nc4 Rfd8 14. b5 Ne7 15. Nd6 Rab8 16. c4 Nc8 17. Rd1 Nxd6 18. cxd6 b6 19. Rd3 Rbc8 20. Kb3 Nd7 21. Ba3 Nc5+ 22. Bxc5 Rxc5 23. Bg2 Be5 24. d7 Kf8 25. h3 Ke7 26. Rhd1 Bc7 27. a4 Rg5 28. Bh1 Re5 29. f4 Rc5 30. Kb4 Bxf4 31. a5 Bc7 32. axb6 Bxb6 33. Bc6 Rf5 34. R1d2 Bxf2 35. Ra2 Bb6 36. Rc3 Rf4 37. Rca3 Kd6 38. Rxa7 Bc5+ 39. Kb3 Bxa7 40. Rxa7 Rf1 41. Kb4 Rb1+ 42. Kc3 Kc5 43. Kc2 Rb4 44. Rc7 Kd6 45. Rc8 Ke7 46. Kc3 Rb1 47. c5 Rc1+ 48. Kb4 Rxd7 49. Bxd7 Kxd7 50. Rc6 Rb1+ 51. Ka5 e5 52. Rd6+ Kc8 53. Rf6 e4 54. Rxf7 e3 55. Re7 Rb3 56. Kb6 Kd8 57. Re4 g5 58. c6 e2 59. Rxe2 Rc3 60. Kb7 h5 61. b6 g4 62. c7+ Kd7 63. c8=Q+ Rxc8 64. Rd2+ Ke7 65. Kxc8 1-0

[Event "57th Biel Festival ATO 2024"]
[Site "Biel"]
[Date "2024.07.23"]
[Round "7.30"]
[White "Trubini, Timon"]
[Black "Hofer, Friedrich"]
[Result "1-0"]
[ECO "C54"]
[WhiteElo "1714"]
[BlackElo "1798"]
[Annotator "NA RC"]
[PlyCount "69"]
[EventDate "2024.07.03"]
[EventType "swiss"]
[EventCountry "SUI"]
[SourceTitle "playchess.com"]
[Source "ChessBase"]
[SourceQuality "1"]
[TimeControl "40/5400+30:1800+30"]

1. e4 e5 2. Nf3 Nc6 3. Bc4 Bc5 4. c3 Nf6 5. d3 d6 6. Bb3 a6 7. O-O h6 8. Nbd2 O-O 9. h3 Re8 10. Re1 Ba7 11. Nf1 Be6 12. Bc2 Ne7 13. Ng3 Ng6 14. d4 c6 15. a4 Qc7 16. Kf1 Rad8 17. b4 b5 18. axb5 axb5 19. Be3 Bc4+ 20. Kg1 d5 21. Rxa7 Qxa7 22. dxe5 Qc7 23. exf6 dxe4 24. Nd2 Bd3 25. fxg7 Kxg7 26. Nf5+ Kh7 27. Qh5 Qe5 28. Bd4 Rxd4 29. Qxh6+ Kg8 30. Nxd4 Bxc2 31. Nxc2 Qxc3 32. Nxe4 Re6 33. Qd2 Qg7 34. Qd8+ Kh7 35. Ng5+ 1-0

[Event "57th Biel Festival ATO 2024"]
[Site "Biel"]
[Date "2024.07.23"]
[Round "7.31"]
[White "Juchler, Celine"]
[Black "Cardoso Rodrigues, Michael"]
[Result "0-1"]
[ECO "C42"]
[WhiteElo "1664"]
[BlackElo "1796"]
[Annotator "NA"]
[PlyCount "108"]
[EventDate "2024.07.03"]
[EventType "swiss"]
[EventCountry "SUI"]
[SourceTitle "playchess.com"]
[Source "ChessBase"]
[SourceQuality "1"]
[TimeControl "40/5400+30:1800+30"]

1. e4 e5 2. Nf3 Nf6 3. Nxe5 d6 4. Nf3 Nxe4 5. d4 d5 6. Bd3 Nc6 7. O-O Be7 8. Re1 Bg4 9. Bxe4 dxe4 10. Rxe4 Bxf3 11. Qxf3 Nxd4 12. Qd3 Ne6 13. Qxd8+ Rxd8 14. Nc3 Bf6 15. Be3 Bxc3 16. bxc3 b6 17. f4 O-O 18. f5 Nc5 19. Bxc5 bxc5 20. Re5 Rd2 21. Rc1 Rb8 22. Rxc5 Rb7 23. Rc4 Kf8 24. Rb4 Rb6 25. Rd4 Rxd4 26. cxd4 Rb2 27. Kf2 Rxa2 28. Ke3 Ke7 29. h4 h5 30. Kd3 Kf6 31. Re1 Ra3+ 32. c3 Ra2 33. Re5 Rxg2 34. Rc5 Rg4 35. Rxc7 Rxh4 36. d5 Ra4 37. Kc2 h4 38. d6 Ra6 39. d7 Ke7 40. c4 Kd8 41. Rb7 h3 42. Rb1 h2 43. Rh1 Rh6 44. Kb3 Kxd7 45. Kb4 g5 46. fxg6 fxg6 47. Kb5 g5 48. c5 g4 49. c6+ Kc7 50. Ka6 Rxc6+ 51. Kxa7 g3 52. Rf1 g2 53. Rf7+ Kd8 54. Rf8+ Ke7 0-1

[Event "57th Biel Festival ATO 2024"]
[Site "Biel"]
[Date "2024.07.23"]
[Round "7.33"]
[White "Wolffs, Walter"]
[Black "Retti, Marco"]
[Result "0-1"]
[ECO "B01"]
[WhiteElo "1544"]
[BlackElo "1772"]
[Annotator "NA"]
[PlyCount "86"]
[EventDate "2024.07.03"]
[EventType "swiss"]
[EventCountry "SUI"]
[SourceTitle "playchess.com"]
[Source "ChessBase"]
[SourceQuality "1"]
[TimeControl "40/5400+30:1800+30"]

1. e4 d5 2. exd5 Qxd5 3. Nc3 Qa5 4. Bc4 c6 5. d3 Bf5 6. Bd2 e6 7. Nf3 Qc7 8. O-O Nf6 9. h3 Be7 10. Re1 O-O 11. Nh4 Bg6 12. Nxg6 hxg6 13. Bg5 Nbd7 14. Ne4 Rad8 15. Qe2 Nb6 16. Nxf6+ Bxf6 17. Bxf6 gxf6 18. Bb3 Rd6 19. Qf3 Kg7 20. c3 Rfd8 21. Rad1 c5 22. Bc2 Nd7 23. Re4 Ne5 24. Qg3 Qd7 25. d4 Nc6 26. Ba4 a6 27. b4 cxb4 28. c4 Qc8 29. Qe3 Ne7 30. d5 Nf5 31. Qb3 exd5 32. Rf4 Qc5 33. Qb1 dxc4 34. Rxd6 Rxd6 35. Bc2 Nd4 36. Bd1 c3 37. Qc1 Qe5 38. Rh4 Qe1+ 39. Kh2 Nf3+ 40. gxf3 Qxf2+ 41. Kh1 Qxh4 42. Bb3 Qxh3+ 43. Kg1 Rd2 0-1

[Event "57th Biel Festival ATO 2024"]
[Site "Biel"]
[Date "2024.07.23"]
[Round "7.34"]
[White "Settegrana, Miro"]
[Black "Hansen, Michael Bo"]
[Result "0-1"]
[ECO "A45"]
[WhiteElo "1532"]
[BlackElo "1759"]
[Annotator "NA"]
[PlyCount "48"]
[EventDate "2024.07.03"]
[EventType "swiss"]
[EventCountry "SUI"]
[SourceTitle "playchess.com"]
[Source "ChessBase"]
[SourceQuality "1"]
[TimeControl "40/5400+30:1800+30"]

1. d4 Nf6 2. Bg5 g6 3. Bxf6 exf6 4. e3 Bg7 5. Be2 O-O 6. Nd2 d5 7. Ngf3 Re8 8. h4 Bg4 9. Nh2 Bxe2 10. Qxe2 f5 11. h5 Bxd4 12. hxg6 fxg6 13. c3 Bf6 14. Nhf3 Nd7 15. Rd1 c6 16. Nd4 c5 17. N4b3 Qe7 18. Nf3 Nb6 19. Kf1 f4 20. Re1 fxe3 21. Qxe3 Qxe3 22. Rxe3 Rxe3 23. fxe3 Rc8 24. Ke2 Nc4 0-1

[Event "57th Biel Festival ATO 2024"]
[Site "Biel"]
[Date "2024.07.23"]
[Round "7.35"]
[White "Pavlov, Myroslav"]
[Black "Sushrutha, Reddy"]
[Result "0-1"]
[ECO "B78"]
[WhiteElo "1736"]
[BlackElo "1649"]
[Annotator "NA RC"]
[PlyCount "80"]
[EventDate "2024.07.03"]
[EventType "swiss"]
[EventCountry "SUI"]
[SourceTitle "playchess.com"]
[Source "ChessBase"]
[SourceQuality "1"]
[TimeControl "40/5400+30:1800+30"]

1. e4 c5 2. Nf3 d6 3. d4 cxd4 4. Nxd4 Nf6 5. Nc3 g6 6. Be3 Bg7 7. f3 O-O 8. Bc4 Nc6 9. Qd2 Bd7 10. O-O-O Rc8 11. Bb3 Ne5 12. h4 h5 13. Bh6 Nc4 14. Bxc4 Rxc4 15. Bxg7 Kxg7 16. Nd5 Nxd5 17. exd5 Rc5 18. g4 hxg4 19. fxg4 Bxg4 20. Qg5 Bc8 21. Nb3 Rc4 22. h5 e5 23. Qe3 Bf5 24. c3 Rh4 25. hxg6 Bxg6 26. Rhg1 Rh2 27. Rd2 Rfh8 28. Qxa7 Qh4 29. Qe3 Qa4 30. Qd3 Qxa2 31. Qc2 Rxd2 32. Nxd2 Rh2 33. Qb1 Qxd5 34. Qc2 Rh1 35. Qd1 Rh2 36. Rg4 Kh7 37. Qe1 Qd3 38. Rh4+ Kg7 39. Re4 Bxe4 40. Qxe4 Qxd2+ 0-1

[Event "57th Biel Festival ATO 2024"]
[Site "Biel"]
[Date "2024.07.23"]
[Round "7.36"]
[White "Suwendo, Poedjo"]
[Black "Cho, Yeonhee"]
[Result "1-0"]
[ECO "C44"]
[WhiteElo "1727"]
[BlackElo "1686"]
[Annotator "NA"]
[PlyCount "95"]
[EventDate "2024.07.03"]
[EventType "swiss"]
[EventCountry "SUI"]
[SourceTitle "playchess.com"]
[Source "ChessBase"]
[SourceQuality "1"]
[TimeControl "40/5400+30:1800+30"]

1. e4 e5 2. Nf3 Nc6 3. Bc4 Bc5 4. d4 exd4 5. Ng5 Ne5 6. Nxf7 Nxf7 7. Bxf7+ Kf8 8. Bxg8 Kxg8 9. Qd3 Qe7 10. O-O d6 11. b4 Bb6 12. Bb2 Qf6 13. Nd2 Bg4 14. f3 Be6 15. Kh1 Re8 16. a3 c5 17. Nc4 Bxc4 18. Qxc4+ Qe6 19. Qb5 c4 20. Rad1 c3 21. Bc1 Qe5 22. Qd7 Qe7 23. Qb5 Qe5 24. Qe2 Kf7 25. Rde1 d5 26. g3 Rhf8 27. Bf4 Qe6 28. Qb5 Rd8 29. Bg5 Rd7 30. Qd3 Kg8 31. Bf4 h6 32. exd5 Qxd5 33. Re5 Qf7 34. Rfe1 Bc7 35. R5e4 Bb6 36. Kg2 Qg6 37. Be5 Rfd8 38. Bf4 Qf7 39. a4 a6 40. Re6 Ba7 41. R1e4 Qf8 42. b5 Qb4 43. R4e5 Bb8 44. Re8+ Rxe8 45. Rxe8+ Kf7 46. Rxb8 Qc5 47. bxa6 bxa6 48. Ra8 1-0

[Event "57th Biel Festival ATO 2024"]
[Site "Biel"]
[Date "2024.07.23"]
[Round "7.37"]
[White "Boyer, Jean-Francois"]
[Black "Kim, Hyunwoo B"]
[Result "1-0"]
[ECO "C45"]
[WhiteElo "1742"]
[BlackElo "1462"]
[Annotator "NA"]
[PlyCount "57"]
[EventDate "2024.07.03"]
[EventType "swiss"]
[EventCountry "SUI"]
[SourceTitle "playchess.com"]
[Source "ChessBase"]
[SourceQuality "1"]
[TimeControl "40/5400+30:1800+30"]

1. e4 e5 2. Nf3 Nc6 3. d4 exd4 4. Nxd4 Nxd4 5. Qxd4 d6 6. Bd2 Nf6 7. Bc3 Be7 8. Nd2 O-O 9. O-O-O Be6 10. Bc4 c6 11. Bxe6 fxe6 12. g4 e5 13. Qc4+ d5 14. exd5 cxd5 15. Qb3 Nxg4 16. Ne4 Nxf2 17. Nxf2 Rxf2 18. Rxd5 Qb6 19. Rb5+ Kh8 20. Rxb6 Raf8 21. Rb5 Bg5+ 22. Kd1 Rd8+ 23. Rd5 Rdf8 24. Bxe5 R8f5 25. Qxb7 Rf7 26. Rd7 Rd2+ 27. Rxd2 Rxb7 28. Rd5 h6 29. b3 1-0

[Event "57th Biel Festival ATO 2024"]
[Site "Biel"]
[Date "2024.07.23"]
[Round "7.38"]
[White "Spaeti, Kurt"]
[Black "Kern, Beat"]
[Result "0-1"]
[ECO "B18"]
[WhiteElo "1804"]
[BlackElo "1717"]
[Annotator "NA"]
[PlyCount "104"]
[EventDate "2024.07.03"]
[EventType "swiss"]
[EventCountry "SUI"]
[SourceTitle "playchess.com"]
[Source "ChessBase"]
[SourceQuality "1"]
[TimeControl "40/5400+30:1800+30"]

1. e4 c6 2. d4 d5 3. Nc3 dxe4 4. Nxe4 Bf5 5. Ng3 Bg6 6. Nf3 e6 7. Bc4 Nf6 8. O-O Be7 9. Bb3 O-O 10. c4 c5 11. d5 exd5 12. cxd5 Bd6 13. Bg5 h6 14. Be3 Nbd7 15. Qd2 Ng4 16. Bf4 Qc7 17. Bxd6 Qxd6 18. a4 a5 19. h3 Ngf6 20. Nh4 Ne4 21. Nxe4 Bxe4 22. Rfe1 Nf6 23. Rad1 b6 24. Re3 Rfe8 25. Rg3 Nh7 26. Bc2 Ng5 27. Bxe4 Rxe4 28. Nf5 Qf6 29. Ne3 Rd4 30. Ng4 Qd6 31. Rd3 Ne4 32. Qe3 Rxd3 33. Rxd3 f5 34. f3 fxg4 35. fxe4 gxh3 36. Qxh3 Re8 37. Qe3 g5 38. Qf3 Kg7 39. g3 Re7 40. Kg2 Rf7 41. Qg4 Rf6 42. Qe2 Qe5 43. Re3 Kg6 44. Rf3 Rxf3 45. Kxf3 h5 46. Qd2 g4+ 47. Kf2 Qxe4 48. d6 Qf5+ 49. Qf4 Qxf4+ 50. gxf4 Kf6 51. f5 h4 52. d7 Ke7 0-1

[Event "57th Biel Festival ATO 2024"]
[Site "Biel"]
[Date "2024.07.23"]
[Round "7.39"]
[White "Lesniak, Julien"]
[Black "Gotti, Nicola"]
[Result "1-0"]
[ECO "C45"]
[WhiteElo "1728"]
[BlackElo "1804"]
[Annotator "NA RC"]
[PlyCount "39"]
[EventDate "2024.07.03"]
[EventType "swiss"]
[EventCountry "SUI"]
[SourceTitle "playchess.com"]
[Source "ChessBase"]
[SourceQuality "1"]
[TimeControl "40/5400+30:1800+30"]

1. e4 e5 2. Nf3 Nc6 3. d4 exd4 4. Nxd4 Bc5 5. Be3 Qf6 6. c3 d6 7. g3 Nh6 8. h3 Nxd4 9. Bxd4 Bxd4 10. Qxd4 Qxd4 11. cxd4 c6 12. f4 Bd7 13. Bg2 d5 14. exd5 cxd5 15. Nc3 Nf5 16. Nxd5 O-O 17. Kf2 Nxd4 18. Ne7+ Kh8 19. Rad1 Rfe8 20. Rhe1 1-0

[Event "57th Biel Festival ATO 2024"]
[Site "Biel"]
[Date "2024.07.23"]
[Round "7.40"]
[White "Ehrsam, Andreas"]
[Black "Fernandez Van Raap, Marcela"]
[Result "1/2-1/2"]
[ECO "E61"]
[WhiteElo "1793"]
[BlackElo "1613"]
[Annotator "NA"]
[PlyCount "92"]
[EventDate "2024.07.03"]
[EventType "swiss"]
[EventCountry "SUI"]
[SourceTitle "playchess.com"]
[Source "ChessBase"]
[SourceQuality "1"]
[TimeControl "40/5400+30:1800+30"]

1. d4 Nf6 2. Nf3 g6 3. c4 d6 4. Nc3 Bg7 5. e3 O-O 6. Be2 c6 7. O-O Nbd7 8. b3 Nb6 9. Bb2 d5 10. c5 Nbd7 11. b4 b5 12. a4 bxa4 13. Rxa4 a5 14. b5 cxb5 15. Bxb5 Ba6 16. Bxa6 Rxa6 17. Qe2 Ra8 18. Rfa1 Ne8 19. Qd2 Nb8 20. Nd1 Nc6 21. Bc3 Qd7 22. Bxa5 e5 23. R4a2 e4 24. Ne1 f5 25. f4 Nf6 26. Bc3 Rab8 27. Rb2 Rbc8 28. Rb6 h6 29. Rab1 Qe6 30. Qe2 g5 31. g3 gxf4 32. gxf4 Rf7 33. Rb7 Rcc7 34. Rxc7 Rxc7 35. Ng2 Nd7 36. Qh5 Kh7 37. Nh4 Ne7 38. Be1 Ra7 39. Qe2 Bf6 40. Kh1 Ra8 41. Bg3 Rg8 42. Rc1 Rg4 43. Ng2 Nc6 44. Nf2 Rg7 45. Bh4 Rxg2 46. Bxf6 Rxf2 1/2-1/2

[Event "57th Biel Festival ATO 2024"]
[Site "Biel"]
[Date "2024.07.23"]
[Round "7.41"]
[White "Galerne, Rene"]
[Black "Noel, Lucien"]
[Result "0-1"]
[ECO "B22"]
[WhiteElo "1773"]
[BlackElo "1714"]
[Annotator "NA"]
[PlyCount "114"]
[EventDate "2024.07.03"]
[EventType "swiss"]
[EventCountry "SUI"]
[SourceTitle "playchess.com"]
[Source "ChessBase"]
[SourceQuality "1"]
[TimeControl "40/5400+30:1800+30"]

1. e4 c5 2. c3 d5 3. exd5 Nf6 4. d4 Nxd5 5. Bb5+ Nd7 6. c4 N5f6 7. d5 a6 8. Bxd7+ Bxd7 9. Nc3 Qc7 10. Nf3 O-O-O 11. Bg5 e6 12. O-O Bd6 13. Bh4 h6 14. Bg3 e5 15. Nd2 Bg4 16. f3 Bf5 17. Nde4 Nxe4 18. fxe4 Bg6 19. Qe2 Qe7 20. Rac1 Kc7 21. a3 Rdf8 22. Na4 Rb8 23. b4 b6 24. Bf2 f6 25. Qe3 Rbc8 26. bxc5 bxc5 27. Qc3 Rb8 28. Qa5+ Kd7 29. Bxc5 Rhc8 30. Bxd6 Qxd6 31. c5 Rb5 32. Qxb5+ axb5 33. Nb6+ Qxb6 34. cxb6 Rb8 35. Rc7+ Kd6 36. Rfc1 Rxb6 37. R1c6+ Rxc6 38. Rxc6+ Kd7 39. Rb6 Bxe4 40. d6 Bc6 41. Ra6 Kxd6 42. h4 g5 43. hxg5 hxg5 44. Kf2 Kc7 45. a4 bxa4 46. Ra7+ Kd6 47. g3 Kd5 48. Ra5+ Kc4 49. Ke3 f5 50. Rxe5 Be4 51. g4 a3 52. gxf5 Bxf5 53. Rxf5 a2 54. Ra5 Kb3 55. Kd2 g4 56. Kc1 g3 57. Rb5+ Ka4 0-1

[Event "57th Biel Festival ATO 2024"]
[Site "Biel"]
[Date "2024.07.23"]
[Round "7.42"]
[White "Meise, Volker"]
[Black "Speerli, Maria"]
[Result "1/2-1/2"]
[ECO "B32"]
[WhiteElo "1772"]
[BlackElo "1540"]
[Annotator "NA RC"]
[PlyCount "49"]
[EventDate "2024.07.03"]
[EventType "swiss"]
[EventCountry "SUI"]
[SourceTitle "playchess.com"]
[Source "ChessBase"]
[SourceQuality "1"]
[TimeControl "40/5400+30:1800+30"]

1. e4 c5 2. Nf3 Nc6 3. d4 cxd4 4. Nxd4 e5 5. Nb5 d6 6. N1c3 a6 7. Na3 Nf6 8. Bd3 Be7 9. Nc4 b5 10. Ne3 O-O 11. O-O b4 12. Ncd5 Nxd5 13. Nxd5 Bg5 14. Qh5 Bxc1 15. Raxc1 Be6 16. f4 h6 17. Rf3 Bxd5 18. exd5 Nd4 19. Rg3 Kh8 20. fxe5 Qb6 21. Kh1 dxe5 22. Qxe5 f6 23. Qh5 f5 24. Rg6 Qb7 25. Rf1 1/2-1/2

[Event "57th Biel Festival ATO 2024"]
[Site "Biel"]
[Date "2024.07.23"]
[Round "7.45"]
[White "Kim, Danha"]
[Black "Klas, Friedrich Guenther"]
[Result "1-0"]
[ECO "B12"]
[WhiteElo "1491"]
[BlackElo "1750"]
[Annotator "NA RC"]
[PlyCount "85"]
[EventDate "2024.07.03"]
[EventType "swiss"]
[EventCountry "SUI"]
[SourceTitle "playchess.com"]
[Source "ChessBase"]
[SourceQuality "1"]
[TimeControl "40/5400+30:1800+30"]

1. e4 c6 2. d4 d5 3. e5 Bf5 4. Nf3 e6 5. Bd3 Bxd3 6. Qxd3 Qa5+ 7. Bd2 Qa6 8. Qxa6 Nxa6 9. O-O Bb4 10. c3 Be7 11. Re1 c5 12. Bg5 h6 13. Bxe7 Nxe7 14. Na3 O-O 15. Rac1 cxd4 16. Nxd4 Nc5 17. Re3 a6 18. c4 Rac8 19. Rec3 Nc6 20. Nxc6 bxc6 21. cxd5 Nd7 22. dxe6 Nxe5 23. exf7+ Rxf7 24. Nc4 Ng6 25. Nd6 Rcf8 26. Nxf7 Rxf7 27. Rxc6 Nf4 28. R1c2 Re7 29. Kf1 Nd5 30. Rc1 Rf7 31. Rxa6 Nb4 32. Ra8+ Kh7 33. a3 Re7 34. Rc2 Rb7 35. Re2 Nd3 36. b4 Nc1 37. Rc2 Nd3 38. Re8 Rf7 39. Ree2 Ra7 40. Re4 g5 41. g3 Rxa3 42. Ke2 Rb3 43. Re3 1-0

[Event "57th Biel Festival ATO 2024"]
[Site "Biel"]
[Date "2024.07.23"]
[Round "7.46"]
[White "Shin, Yisoo"]
[Black "Weihs, David"]
[Result "1/2-1/2"]
[ECO "C42"]
[WhiteElo "1449"]
[BlackElo "1733"]
[Annotator "NA RC"]
[PlyCount "22"]
[EventDate "2024.07.03"]
[EventType "swiss"]
[EventCountry "SUI"]
[SourceTitle "playchess.com"]
[Source "ChessBase"]
[SourceQuality "1"]
[TimeControl "40/5400+30:1800+30"]

1. e4 e5 2. Nf3 Nf6 3. Nxe5 d6 4. Nf3 Nxe4 5. d4 d5 6. Bd3 Bd6 7. c4 Bb4+ 8. Nbd2 O-O 9. O-O Bxd2 10. Bxd2 Bf5 11. Bf4 c6 1/2-1/2

[Event "57th Biel Festival ATO 2024"]
[Site "Biel"]
[Date "2024.07.23"]
[Round "7.47"]
[White "Materia, Mario"]
[Black "Trachsel, Peter"]
[Result "1-0"]
[ECO "D17"]
[WhiteElo "1590"]
[BlackElo "1782"]
[Annotator "NA RC"]
[PlyCount "67"]
[EventDate "2024.07.03"]
[EventType "swiss"]
[EventCountry "SUI"]
[SourceTitle "playchess.com"]
[Source "ChessBase"]
[SourceQuality "1"]
[TimeControl "40/5400+30:1800+30"]

1. d4 d5 2. c4 c6 3. Nc3 Nf6 4. Nf3 dxc4 5. a4 Bf5 6. Bf4 e6 7. e3 Nbd7 8. Bxc4 Be7 9. O-O O-O 10. Re1 Nd5 11. Bg3 N7f6 12. Bd3 Bg4 13. h3 Bh5 14. Qb3 Qb6 15. Qxb6 Nxb6 16. a5 Nbd7 17. e4 Rfe8 18. Rab1 Bb4 19. a6 b6 20. Bf4 Bxf3 21. gxf3 e5 22. Be3 exd4 23. Bxd4 Ne5 24. Bxe5 Rxe5 25. f4 Ra5 26. f3 Nh5 27. f5 Kf8 28. e5 Re8 29. e6 Bxc3 30. bxc3 fxe6 31. fxe6 Rc5 32. Bxh7 Rxc3 33. Bg6 Rc8 34. e7+ 1-0

[Event "57th Biel Festival ATO 2024"]
[Site "Biel"]
[Date "2024.07.23"]
[Round "7.48"]
[White "Loeffler, Helmut"]
[Black "Kuenzli, Manuel"]
[Result "1-0"]
[ECO "D04"]
[WhiteElo "1745"]
[BlackElo "1542"]
[Annotator "NA"]
[PlyCount "51"]
[EventDate "2024.07.03"]
[EventType "swiss"]
[EventCountry "SUI"]
[SourceTitle "playchess.com"]
[Source "ChessBase"]
[SourceQuality "1"]
[TimeControl "40/5400+30:1800+30"]

1. d4 d5 2. Nf3 Nf6 3. e3 Bg4 4. Bd3 e6 5. Nbd2 Nc6 6. h3 Bh5 7. O-O Bd6 8. c3 O-O 9. Qc2 Bg6 10. Bxg6 fxg6 11. e4 e5 12. exd5 Nxd5 13. Qb3 Be7 14. dxe5 Kh8 15. Ne4 Nb6 16. Be3 Nd7 17. Rad1 Qc8 18. e6 Nf6 19. Neg5 h6 20. Nf7+ Kh7 21. Rfe1 Na5 22. Qa4 Qxe6 23. N7g5+ hxg5 24. Nxg5+ Kh8 25. Nxe6 Rfc8 26. Qxa5 1-0

[Event "57th Biel Festival ATO 2024"]
[Site "Biel"]
[Date "2024.07.24"]
[Round "8.1"]
[White "Kulikov, Mikhail L"]
[Black "Nasybullina, Alfia"]
[Result "0-1"]
[ECO "B01"]
[WhiteElo "1954"]
[BlackElo "1997"]
[Annotator "RC"]
[PlyCount "77"]
[EventDate "2024.07.03"]
[EventType "swiss"]
[EventCountry "SUI"]
[SourceTitle "playchess.com"]
[Source "ChessBase"]
[SourceQuality "1"]
[TimeControl "40/5400+30:1800+30"]

1. e4 d5 2. exd5 Qxd5 3. d4 e5 4. Nf3 Bg4 5. Be2 exd4 6. Nc3 Bb4 7. O-O Qd8 8. Nb5 Ne7 9. Bf4 Ba5 10. Nbxd4 O-O 11. h3 Bxf3 12. Bxf3 c6 13. c3 Nd5 14. Bg3 Bb6 15. Nb3 Qg5 16. Kh2 Rd8 17. Qc1 Qxc1 18. Raxc1 Na6 19. Rfe1 Kf8 20. a3 Nc5 21. Nxc5 Bxc5 22. Rcd1 Nb6 23. b4 Be7 24. Be5 Rxd1 25. Bxd1 Re8 26. Bb3 Nc8 27. Rd1 Rd8 28. Rxd8+ Bxd8 29. g4 f6 30. Bd4 Bb6 31. Kg3 Bxd4 32. cxd4 Nd6 33. Kf4 Nb5 34. d5 Nxa3 35. Ke4 Nb5 36. f4 Ke7 37. h4 Kd6 38. g5 h6 39. h5 0-1

[Event "57th Biel Festival ATO 2024"]
[Site "Biel"]
[Date "2024.07.24"]
[Round "8.2"]
[White "Kuenzli, Simon"]
[Black "King, Alexander"]
[Result "1-0"]
[ECO "B00"]
[WhiteElo "1919"]
[BlackElo "1935"]
[Annotator "RC"]
[PlyCount "71"]
[EventDate "2024.07.03"]
[EventType "swiss"]
[EventCountry "SUI"]
[SourceTitle "playchess.com"]
[Source "ChessBase"]
[SourceQuality "1"]
[TimeControl "40/5400+30:1800+30"]

1. e4 e6 2. d4 b6 3. Nc3 Bb7 4. a3 Nf6 5. f3 d5 6. Bg5 Be7 7. e5 Nfd7 8. Bxe7 Qxe7 9. f4 a6 10. Nf3 c5 11. Qd2 Nc6 12. Ne2 Na5 13. Ng3 Rc8 14. Bd3 h5 15. O-O h4 16. Nh1 cxd4 17. Nf2 Nc5 18. Rae1 Nc4 19. Bxc4 dxc4 20. Nxd4 O-O 21. f5 Rfd8 22. Qf4 Rxd4 23. Qxd4 exf5 24. Qf4 g6 25. Rd1 Ne6 26. Qe3 Nc5 27. Rd4 b5 28. Rfd1 Ba8 29. e6 Nxe6 30. Rd7 Qf6 31. R7d6 f4 32. Qh3 Rc5 33. Ng4 Qxb2 34. Qxh4 Qxc2 35. Rd8+ Nf8 36. Rxf8+ 1-0